woodfighter, chaotic female orcish Cavewoman ----+-- |......###### ------------ |<....| # |%.(%..[.%%| |.....| ### ---- |%%------...# --+-+-- # -... |%.| |$.|# ### ### |..| |$$|# # ## |..------$$|# ### #### |.....@eooo|# # # ------------# ### ### # # # # # ### ### # # # # ### ### ----.----- # # |..>....%%### ###|.......%| #.......... ---------- woodfighter the Cave Woman Experience level: 10 Strength: 18/06 Dexterity: 12 Constitution: 18 Intelligence: 13 Wisdom: 10 Charisma: 11 Health: 0(93) Energy: 39(39) Def: 13 Gold: 430 Moves: 10039 Dungeon seed: 0sxtYTbVzPmEuWYQ Game ID: woodfighter_1474972052 Your Inventory: Coins $ - 430 gold pieces Weapons a - a +1 club (weapon in hand) j - 30 +0 arrows (in quiver) P - a +0 bow (alternate weapon; not wielded) Armor n - an uncursed +0 elven shield (being worn) I - an uncursed +0 elven cloak (being worn) J - an uncursed +0 pair of jumping boots (being worn) N - an uncursed +1 dwarvish mithril-coat (being worn) Y - an uncursed +0 dwarvish iron helm (being worn) Comestibles t - 2 uncursed fortune cookies G - 6 uncursed food rations V - an uncursed sprig of wolfsbane Z - an uncursed lizard corpse Potions X - an uncursed potion of object detection Rings h - an uncursed ring of polymorph control (on right hand) C - an uncursed ring of free action (on left hand) Wands u - a wand of digging (0:7) A - a wand of fire (0:6) R - a wand of sleep (0:4) Tools s - an uncursed sack x - an uncursed oil lamp (0:1407) D - a +0 pick-axe M - an uncursed skeleton key O - an uncursed towel Gems e - an uncursed luckstone Contents of the sack: 1669 gold pieces a [uncursed] potion of extra healing a [uncursed] potion of fruit juice a [uncursed] wand of locking [0:6] a [uncursed] wand of secret door detection [0:14] Spells and supernatural/magical abilities: Name Level Category Fail Memory W - pray for help -- divine ? -- Y - supernatural jump -- ability ? -- Your skills at the end: Miscellaneous Skills bare handed combat [Basic] shield [Basic] stealth [Skilled] Weapon Skills scimitar [Basic] club [Expert] sling [Basic] Spellcasting Skills Final Attributes: You were piously aligned. You were fire resistant. You were sleep resistant. You were poison resistant. Your writing hand was cramped from overuse. You had infravision. You were stealthy. You could jump. You had polymorph control. You were fast. You had free action. You were lucky. You had extra luck. Bad luck did not time out for you. Good luck did not time out for you. You are dead. Vanquished creatures: 2 giant mimics a large mimic a wumpus 4 small mimics a warhorse an ettin mummy a large dog a shocking sphere a crocodile a giant a red naga a wraith a giant beetle 9 wolves a winter wolf cub 2 leprechauns a spotted jelly a lizard an orc-captain a giant spider 2 horses an ice vortex 2 vampire bats 2 gnome kings 3 orc mummies 2 brown puddings 3 Green-elves an owlbear 2 yetis a gold golem 4 piranhas a dog 2 dingos 2 housecats a dwarf lord 2 dust vortices a raven a gnome mummy 3 Woodland-elves a snake a soldier ant 4 bugbears a wood nymph 2 Mordor orcs 3 orc shamans a rock mole a pony a shrieker 2 violet fungi 15 gnome lords 3 gnomish wizards 2 kobold mummies a golden naga hatchling a gray ooze a straw golem a paper golem 2 giant ants a puppy a floating eye a kitten 16 dwarves 2 homunculi 2 kobold lords 2 kobold shamans 3 iguanas 5 hill orcs 2 rothes a rabid rat a centipede 3 jitterbugs 3 giant bats 2 monkeys 3 orc zombies a dwarf zombie a wererat 13 killer bees 2 coyotes 4 gas spores 4 hobbits 6 acid blobs 3 large kobolds 10 geckos 6 hobgoblins 5 cave spiders a brown mold 2 yellow molds 3 green molds 3 red molds 53 gnomes 7 manes 4 gnome zombies 16 jackals 3 foxes 4 kobolds 8 newts 3 goblins 8 sewer rats 9 grid bugs 7 bats 4 lichens 3 kobold zombies 353 creatures vanquished. Voluntary challenges: You did not cause conflict. You were not invisible. You did not have reflection. You were not displaced. You used a wielded weapon 624 times, starting on turn 50. You did not apply a unicorn horn. You did not use plumbed fixtures. You did not drink any magical draughts. You read items or engraved 8 times, starting on turn 5510. You never genocided any monsters. You never polymorphed an object. You never changed form. You completed Sokoban on turn 9290, according to the rules. You used no wishes. You never split a pudding. You never wrote Elbereth's name. You violated your moral code, losing 2 points of alignment, starting on turn 3997. Dungeon overview: The Dungeons of Doom: levels 1 to 11 Level 1 a fountain, a sink a long staircase Level 2 a fountain stairs to The Gnomish Mines Level 3 Level 4 (open water) a fountain Level 5 an altar to Anu, some fountains Level 6 (open water) a fountain Level 7 many fountains Level 8 an armor shop stairs to Sokoban Level 9 (open water) a fountain Level 10 <- You were here Level 11 The Gnomish Mines: levels 3 to 10 Level 3 (locked box) stairs to The Dungeons of Doom Level 4 Level 5 many shops, a temple to Anu, a magic chest, some fountains, some trees Level 6 Level 7 Level 8 Level 9 Level 10 many altars to Moloch, a magic chest, some fountains Sokoban: levels 4 to 7 Level 4 a magic chest Level 5 a sink Level 6 Level 7 an altar to Moloch, a magic chest stairs to The Dungeons of Doom History has recorded: On T:1 you entered the Dungeons of Doom to retrieve the Amulet of Yendor! On T:234 you reached level 2 of The Dungeons of Doom. On T:318 you reached level 1 of The Gnomish Mines. On T:400 you reached level 3 of The Dungeons of Doom. On T:629 you advanced to experience level 2. On T:691 you advanced to experience level 3. On T:728 you advanced to experience level 4. On T:826 you prayed to Anshar. On T:829 you advanced to experience level 5. On T:845 you reached level 2 of The Gnomish Mines. On T:1120 you advanced to experience level 6. On T:1127 you reached level 3 of The Gnomish Mines. On T:1425 you entered the Minetown temple On T:1454 you opened a magic chest. On T:1622 you reached level 4 of The Gnomish Mines. On T:1924 you advanced to experience level 7. On T:1952 you reached level 5 of The Gnomish Mines. On T:2126 you reached level 6 of The Gnomish Mines. On T:2461 you prayed to Anshar. On T:2623 you reached level 7 of The Gnomish Mines. On T:2664 you advanced to experience level 8. On T:3190 you reached level 8 of The Gnomish Mines. On T:3190 you reached the bottom of the Mines. On T:5114 you reached level 4 of The Dungeons of Doom. On T:5349 you reached level 5 of The Dungeons of Doom. On T:5540 you reached level 6 of The Dungeons of Doom. On T:5894 you advanced to experience level 9. On T:5906 you reached level 7 of The Dungeons of Doom. On T:6658 you reached level 8 of The Dungeons of Doom. On T:7300 you reached level 9 of The Dungeons of Doom. On T:7354 you reached level 4 of Sokoban. On T:7629 you prayed to Anshar. On T:7779 you reached level 3 of Sokoban. On T:7991 you reached level 2 of Sokoban. On T:8451 you reached level 1 of Sokoban. On T:9290 you advanced to experience level 10. On T:9290 you entered the Sokoban zoo. On T:9621 you reached level 10 of The Dungeons of Doom. On T:9920 you reached level 11 of The Dungeons of Doom. Score breakdown: Gold: 2099 ( 209 points) Experience: 10 levels ( 900 points) Exploration: 11 levels ( 300 points) Discoveries: 33 items ( 1650 points) Variety of kills: 101 monsters ( 2000 points) Major goal: Sokoban/Mines ( 1500 points) Survival: died (score multiplied by 3) Total score: 19677 Latest messages: You hit the orc zombie! You destroy the orc zombie! You feel more chaotic. j - an uncursed arrow (in quiver). You hit the orc zombie! You destroy the orc zombie! You feel more chaotic. j - an uncursed arrow (in quiver). $ - 52 gold pieces. j - 7 uncursed arrows (in quiver). $ - 235 gold pieces. j - 4 uncursed arrows (in quiver). The newt misses. You kill the newt! $ - 22 gold pieces. You hit the orc zombie! (2x) You destroy the orc zombie! You feel more chaotic. $ - 23 gold pieces. $ - 37 gold pieces. $ - 22 gold pieces. You kill the gecko! $ - 39 gold pieces. You see here a gecko corpse. You hit the floating eye! As you meet its deep, meaningful gaze, you feel its suffering as though it were your own. You die... Final status: Goodbye woodfighter the Cavewoman, killed by vicarious suffering... You died in The Dungeons of Doom on dungeon level 10 with 19677 points, and 2099 pieces of gold, after 10039 moves. You were level 10 with a maximum of 93 hit points when you died.